 Dungeon Crawl Stone Soup version 0.24-a0-699-g5a66b1aa3b (webtiles) character file.

Game seed: 7664623511468187408, levelgen mode: deterministic

459 Bikalo the Shooter (level 6, -7/50 HPs)
             Began as a Centaur Arcane Marksman on Sept 29, 2019.
             Was an Initiate of Okawaru.
             Mangled by an ogre
             ... wielding a +0 giant club
              (15 damage)
             ... on level 6 of the Dungeon.
             The game lasted 00:17:09 (6010 turns).

Bikalo the Shooter (Centaur Arcane Marksman)        Turns: 6010, Time: 00:17:09

Health: -7/50      AC:  5    Str: 11 (12) XL:     6   Next: 78%
Magic:  9/9        EV: 10    Int: 10 (13) God:    Okawaru [......]
Gold:   116        SH:  0    Dex:  9 (11) Spells: 2/9 levels left

rFire    + . .     SeeInvis .   a - +1 shortbow
rCold    . . .     Gourm    .   (shield currently unavailable)
rNeg     . . .     Faith    .   e - +0 robe
rPois    .         Spirit   .   (no helmet)
rElec    .         Reflect  .   j - +0 cloak
rCorr    +         Harm     .   (no gloves)
MR       .....                  (no barding)
Stlth    +.........             (no amulet)
HPRegen  0.16/turn              c - ring of resist corrosion
MPRegen  0.11/turn              s - ring of protection from fire

@: very quick
A: large, hooves 3, deformed body, speed 2, tough skin 3
a: Renounce Religion


You were on level 6 of the Dungeon.
You worshipped Okawaru.
Okawaru was noncommittal.
You were not hungry.

You visited 2 branches of the dungeon, and saw 7 of its levels.

You collected 116 gold pieces.

Inventory:

Hand Weapons
 a - a +1 shortbow (weapon)
 b - a +3 flail of holy wrath
 t - a +0 dagger
Missiles
 d - 19 arrows (quivered)
Armour
 e - a +0 robe (worn)
 j - a +0 cloak (worn)
Jewellery
 c - a ring of resist corrosion (left hand)
 s - a ring of protection from fire (right hand)
Scrolls
 g - 3 scrolls of identify
 k - a scroll of amnesia {unknown}
 l - a scroll of blinking {unknown}
 m - a scroll of fog {unknown}
 n - a scroll of noise {unknown}
 q - 2 scrolls of remove curse
 r - a scroll of immolation {unknown}
Potions
 i - 4 potions of heal wounds
 o - 4 potions of curing
 p - a potion of invisibility
 u - 2 potions of brilliance
Comestibles
 f - 8 rations


   Skills:
 + Level 2.8 Fighting
 - Level 1.0 Short Blades
 + Level 0.4 Maces & Flails
 + Level 4.4 Bows
 + Level 2.5 Dodging
 + Level 2.2 Spellcasting
 + Level 3.7 Hexes
 + Level 0.2 Translocations
 + Level 1.9 Fire Magic


You had 2 spell levels left.
You knew the following spells:

 Your Spells              Type           Power        Failure   Level  Hunger
a - Corona                Hex            #......      7%          1    ##.....
b - Inner Flame           Hex/Fire       #.......     28%         3    ####...
c - Portal Projectile     Hex/Tloc       #.....       38%         3    ####...

Your spell library contained the following spells:

 Spells                   Type           Power        Failure   Level  Hunger
 Slow                     Hex            #.......     10%         2    ###....
 Cause Fear               Hex            #.........   54%         4    #####..
 Leda's Liquefaction      Hex/Erth       #.........   80%         4    #####..


Dungeon Overview and Level Annotations

Branches:
Dungeon (6/15)             Temple (1/1) D:4

Altars:
Ashenzari
Gozag
Makhleb
Okawaru
Trog
Vehumet
Yredelemnul

Annotations:
D:4 Blork the orc, Pikel


Innate Abilities, Weirdness & Mutations

You have hooves in place of feet.
Armour fits poorly on your strangely shaped body.
You cover ground very quickly.
You have extremely tough skin. (AC +3)


Message History

Found 25 stones and 7 boomerangs of dispersal.
There is a stone staircase leading up here.
Found a stone staircase leading down.
The orc priest mumbles some strange prayers to Beogh against you.
Pain shoots through your body!
* * * LOW HITPOINT WARNING * * *
There is a stone staircase leading down here.
You climb downwards.
An adder and a jelly come into view.
The adder hisses angrily.
Found a scroll of enchant weapon.
Found an escape hatch in the floor.
There is a stone staircase leading up here.
An adder comes into view.
The adder hisses angrily.
Found a stone staircase leading down.
Found a basalt altar of Yredelemnul.
An ogre comes into view. It is wielding a +0 giant club.
The ogre shouts!
The ogre hits you with a +0 giant club!
You die...

................
#.#............
#..............
##...S......>#
#...J..<.....#
##.#.........#
#...#########
##.S#########
#.>....@...#
######O....#
...._...#
##.........#
#......##.#
#.##.#.# # #.
...# #. ##..


You could see an ogre and an adder.

Vanquished Creatures
  Edmund (D:3)
  A slave (D:4)
  An orc wizard (D:3)
  3 hounds (D:4)
  An orc priest (D:3)
  7 adders
  A shadow imp (D:4)
  An ooze (D:2)
  An adder skeleton (D:4)
  2 worms
  3 leopard geckos
  4 orcs
  7 giant cockroaches
  9 goblins
  10 hobgoblins
  11 jackals
  3 quokkas
  2 ball pythons (D:1)
  11 bats
  6 frilled lizards
  10 kobolds
  9 rats
104 creatures vanquished.

Notes
Turn   | Place    | Note
-------+----------+-------------------------------------------
     0 | D:1      | Bikalo the Centaur Arcane Marksman began the quest for the
                  | Orb.
     0 | D:1      | Reached XP level 1. HP: 16/16 MP: 2/2
   143 | D:1      | Reached XP level 2. HP: 16/23 MP: 3/3
   163 | D:1      | Reached skill level 3 in Bows
   917 | D:1      | Reached XP level 3. HP: 25/28 MP: 0/4
  1196 | D:2      | Found a bloodstained altar of Trog.
  1353 | D:2      | Reached skill level 1 in Short Blades
  1792 | D:2      | Reached XP level 4. HP: 26/36 MP: 4/6
  2107 | D:2      | Learned a level 3 spell: Inner Flame
  3339 | D:3      | Reached skill level 1 in Fire Magic
  3339 | D:3      | Reached XP level 5. HP: 41/41 MP: 1/7
  4011 | D:3      | Reached skill level 4 in Bows
  4090 | D:3      | Learned a level 3 spell: Portal Projectile
  4097 | D:3      | Found a shattered altar of Ashenzari.
  4202 | D:3      | Found an opulent altar of Gozag.
  4235 | D:4      | Noticed Edmund
  4527 | D:3      | Killed Edmund
  4527 | D:3      | Reached XP level 6. HP: 5/50 MP: 6/9
  4860 | D:4      | Found a burning altar of Makhleb.
  5177 | D:4      | Noticed a slave
  5180 | D:4      | Noticed Pikel
  5181 | D:4      | Noticed Blork the orc
  5185 | D:4      | Noticed a slave
  5212 | D:4      | Killed a slave
  5217 | D:4      | Noticed a slave
  5224 | D:4      | Noticed a slave
  5249 | D:4      | Found a staircase to the Ecumenical Temple.
  5255 | Temple   | Entered the Ecumenical Temple
  5286 | Temple   | Became a worshipper of Warmaster Okawaru
  5925 | D:4      | Paralysed by Pikel for 4 turns
  5990 | D:5      | Entered Level 5 of the Dungeon
  6005 | D:6      | Found a basalt altar of Yredelemnul.
  6010 | D:6      | Mangled by an ogre

Levels and vault maps discovered:
D:1:      scummos_arrival_hexagon, layout_basic
D:2:      minmay_general_purpose_star, layout_loops_cross,
          overflow_temple_1_default, first_ration, minivault_4
D:3:      layout_rooms, amethyst_overflow_temple_binary
D:4:      layout_loops_ring, kennysheep_mini, makhleb_blood_cavern_becter,
          minmay_temple_entry_grid, uniq_edmund, uniq_pikel, uniq_blork_the_orc
D:5:      layout_loops_cross, lemuel_zombie_altar_kikubaaqudgha
D:6:      layout_basic, gammafunk_temple_overflow_statue, basic_altar,
          uniq_eustachio, uniq_crazy_yiuf_cottage
Temple:   minmay_temple_forest_path

Skill      XL: |  1  2  3  4  5 |
---------------+----------------+-----
Bows           | 3 4 |  4.4
Hexes          | 3 |  3.7
Short Blades   | 1 |  1.0
Dodging        | 2 |  2.5
Fighting       | 2 |  2.8
Fire Magic     | 1 |  1.9
Spellcasting   | 2 |  2.2
Maces & Flails | |  0.4
Translocations | |  0.2

Action                   |  1- 3 |  4- 6 || total
-------------------------+-------+-------++-------
Melee: Dagger            |   145 |   175 ||   320
       Kick              |    17 |    23 ||    40
       Flail             |       |    21 ||    21
 Fire: Shortbow          |     9 |   126 ||   135
 Cast: Corona            |     6 |    37 ||    43
       Inner Flame       |       |     1 ||     1
       Portal Projectile |       |     3 ||     3
  Use: Scroll            |       |     6 ||     6
       Potion            |       |     3 ||     3
  Eat: Chunk             |     2 |    12 ||    14
       Ration            |       |     1 ||     1
Armor: Robe              |    57 |    99 ||   156
Dodge: Dodged            |    79 |   165 ||   244

Table legend:
 A = Non-vault XP
 B = Vault XP
 C = Vault XP percentage of total XP
 D = Non-vault monster count
 E = Vault monster count
 F = Vault count percentage of total count
                 A         B        C        D         E       F
            +---------+---------+-------+---------+---------+-------
      Total |     421 |     235 |  35.8 |      97 |       6 |   5.8
            +---------+---------+-------+---------+---------+-------
        D:1 |      51 |       0 |   0.0 |      29 |       0 |   0.0
        D:2 |     104 |      20 |  16.1 |      29 |       4 |  12.1
        D:3 |     162 |     173 |  51.6 |      33 |       1 |   2.9
        D:4 |     104 |      42 |  28.8 |       6 |       1 |  14.3
            +---------+---------+-------+---------+---------+-------
